 Dungeon Crawl Stone Soup version 0.30.1-3-gfc49f6343a (webtiles) character file.

Game seed: 13472792885183129278

175 CaptainMV the Trooper (level 5, -2/41 (42) HPs)
             Began as a Demonspawn Wanderer on July 21, 2023.
             Slain by Crazy Yiuf
             ... wielding a +3 quarterstaff of chaos
              (8 damage)
             ... on level 3 of the Dungeon.
             The game lasted 00:16:31 (2110 turns).

CaptainMV the Trooper (Demonspawn Wanderer)         Turns: 2110, Time: 00:16:32

HP:   -2/41 (42)    AC:  9    Str: 15    XL:     5   Next: 29%
MP:   3/5           EV: 10    Int: 13    God:
Gold: 132           SH:  0    Dex: 12    Spells: 4/4 levels left

rFire   + . .        a - +0 spear
rCold   + . .        (no shield)
rNeg    . . .        o - +3 ring mail of Voxeyv Jisu {Slay+2}
rPois   +            (no helmet)
rElec   +            (no cloak)
rCorr   +            (no gloves)
SInv    .            c - +0 pair of boots
Will    .....        (no amulet)
Stlth   +            (no ring)
HPRegen 0.26/turn    (no ring)
MPRegen 0.09/turn

%: no passive effects
@: resistant, lightly drained
A: demonic magic 1
a: no special abilities


You were on level 3 of the Dungeon.
You visited 1 branch of the dungeon, and saw 3 of its levels.

You collected 132 gold pieces.

Inventory:

Hand Weapons
 a - a +0 spear (weapon)
 b - a +2 sling of flaming
Missiles
 h - 2 atropa-tipped darts
 k - 2 boomerangs (quivered)
Armour
 c - a +0 pair of boots (worn)
 e - a +0 leather armour
 l - an orb of energy
 o - the +3 ring mail of Voxeyv Jisu (worn) {Slay+2}
   (You found it on level 2 of the Dungeon)

   Slay:      It affects your accuracy & damage with ranged weapons and melee
   (+2).
Jewellery
 n - a ring of ice
 q - an amulet of magic regeneration
Wands
 g - a wand of charming (15)
Scrolls
 d - 2 scrolls of fear
 r - a scroll of enchant armour {unknown}
Potions
 f - a potion of attraction
 i - a potion of mutation
 j - a potion of haste
 m - a potion of curing {unknown}
 p - a potion of brilliance {unknown}


   Skills:
 + Level 4.0 Fighting
 + Level 3.2 Polearms
 + Level 2.1 Armour
 + Level 1.1 Dodging
 + Level 2.3 Stealth
 + Level 2.0 Evocations


You had 4 spell levels left.
You didn't know any spells.
Your spell library contained the following spells:

 Spells                   Type           Power      Damage    Failure   Level
 Cigotuvi's Dreadful Rot  Necr/Pois/Air  0%         N/A       65%         2
 Ensorcelled Hibernation  Hex/Ice        0%         N/A       65%         2
 Passwall                 Tmut/Erth      0%         N/A       65%         2
 Ignite Poison            Fire/Tmut/Pois 0%         N/A       87%         3
 Swiftness                Air            0%         N/A       87%         3
 Animate Dead             Necr           0%         N/A       99%         4
 Freezing Cloud           Conj/Ice/Air   0%         6-21      100%        5
 Haunt                    Necr/Summ      0%         N/A       100%        7
 Infestation              Necr           0%         N/A       100%        8


Dungeon Overview and Level Annotations

Branches:
Dungeon (3/15)

Altars:
Dithmenos
Fedhas
Sif Muna
Yredelemnul

Annotations:
D:3 Crazy Yiuf


Innate Abilities, Weirdness & Mutations

Spells you cast may paralyse adjacent enemies.


Message History

You see here 7 stones.
Found 3 stones.
Found a hammer.
Found a runed translucent door.
Crazy Yiuf shouts!
You open the door. You hit Crazy Yiuf.
Crazy Yiuf is lightly wounded.
Crazy Yiuf says, "Rot agre sallow!"
Crazy Yiuf barely misses you.
You hit Crazy Yiuf.
Crazy Yiuf is heavily wounded.
Crazy Yiuf says, "You hand alas!"
Crazy Yiuf hits you with a +3 quarterstaff of chaos.
Crazy Yiuf freezes you.
You barely miss Crazy Yiuf.
Crazy Yiuf is heavily wounded.
Crazy Yiuf hits you with a +3 quarterstaff of chaos.
You feel your power leaking away.
You closely miss Crazy Yiuf.
Crazy Yiuf is heavily wounded.
Crazy Yiuf hits you with a +3 quarterstaff of chaos.
You feel drained.
You hit Crazy Yiuf but do no damage.
Crazy Yiuf is heavily wounded.
Crazy Yiuf hits you with a +3 quarterstaff of chaos!
Crazy Yiuf burns you.
You hit Crazy Yiuf.
Crazy Yiuf is severely wounded.
Crazy Yiuf hits you but does no damage.
You hit Crazy Yiuf but do no damage.
Crazy Yiuf is severely wounded.
Crazy Yiuf hits you with a +3 quarterstaff of chaos.
* * * LOW HITPOINT WARNING * * *
You feel protected.
You closely miss Crazy Yiuf.
Crazy Yiuf is severely wounded.
Crazy Yiuf hits you with a +3 quarterstaff of chaos.
* * * LOW HITPOINT WARNING * * *
You convulse!
You die...

..............
#...........
#......†.... #####
#........... #..)#
#....#..†... #...#
#....#...... ...
#...##.#.#.. #g#
#....#...... ♣♣@♣
#....#...#.. ♣.♣♣
#........... ♣♣.♣
#......##### ♣.♣♣
#.......... ♣♣.♣♣
#......#.. ♣...♣♣
#.#.(..... ♣....♣
#.#....#.# #....#
#.........
#....######.##......


You could see Crazy Yiuf.

Vanquished Creatures
  A bullfrog (D:3)
  4 adders
  A worm (D:3)
  5 dart slugs
  8 ball pythons
  7 endoplasms
  3 giant cockroaches
  5 hobgoblins
  4 jackals (D:3)
  5 bats
  3 frilled lizards
  7 goblins
  4 kobolds
  4 rats
61 creatures vanquished.

Notes
Turn   | Place    | Note
-------+----------+-------------------------------------------
     0 | D:1      | CaptainMV the Demonspawn Wanderer began the quest for the
                  | Orb.
     0 | D:1      | CaptainMV set off with the following items: a +0 spear, a
                  | wand of charming (15), a +0 pair of boots, a scroll of
                  | fear, a +0 leather armour.
     0 | D:1      | Reached XP level 1. HP: 18/18 MP: 1/1
   202 | D:1      | Gained mutation: Spells you cast may paralyse adjacent
                  | enemies. [demonic ancestry]
   202 | D:1      | Reached XP level 2. HP: 14/24 MP: 2/2
   537 | D:1      | Reached XP level 3. HP: 17/30 MP: 3/3
  1015 | D:2      | Identified the +3 ring mail of Voxeyv Jisu {Slay+2}
  1559 | D:3      | Found a large runed translucent door.
  1560 | D:3      | Found a large runed translucent door.
  1571 | D:3      | Found a shimmering blue altar of Sif Muna.
  1577 | D:3      | Reached XP level 4. HP: 35/37 MP: 4/4
  1589 | D:3      | Found a basalt altar of Yredelemnul.
  1668 | D:3      | Found a blossoming altar of Fedhas.
  1778 | D:3      | Found a shadowy altar of Dithmenos.
  2010 | D:3      | Noticed a bullfrog
  2021 | D:3      | Killed a bullfrog
  2022 | D:3      | Reached skill level 4 in Fighting
  2022 | D:3      | Reached skill level 1 in Dodging
  2022 | D:3      | Reached XP level 5. HP: 38/42 MP: 5/5
  2098 | D:3      | Found a runed translucent door.
  2099 | D:3      | Noticed Crazy Yiuf
  2110 | D:3      | Slain by Crazy Yiuf

Illustrated notes

Levels and vault maps discovered:
D:1:      minmay_arrival_four_loops, layout_basic
D:2:      layout_loops_corners, minmay_hexomino_u4
D:3:      layout_basic, mainiacjoe_overflow_alcove_2,
          nicolae_overflow_crystal_walls, tgw_trog, jmf_multi_god_temple2,
          hangedman_decor_lopped, minmay_goblin_outpost, uniq_crazy_yiuf_cottage

Skill      XL: |  1  2  3  4 |
---------------+-------------+-----
Stealth        | 2 |  2.3
Polearms       | 2 3 |  3.2
Fighting       | 4 |  4.0
Armour         | 2 |  2.1
Dodging        | 1 |  1.1
Evocations     | |  2.0

Action                     |  1- 3 |  4- 6 || total
---------------------------+-------+-------++-------
  Melee: Spear             |   146 |    82 ||   228
   Fire: Sling             |       |     7 ||     7
    Use: Scroll            |     6 |       ||     6
         Potion            |     3 |       ||     3
   Stab: Sleeping          |     4 |       ||     4
 Armour: Leather armour    |    44 |       ||    44
         Ring mail         |    11 |    39 ||    50
  Dodge: Dodged            |   100 |    34 ||   134
